 Dungeon Crawl Stone Soup version 0.26-a0-854-gdc81c2f471 (webtiles) character file.

Game seed: 12901776258491473664

6 Decritt the Firebug (level 1, -2/14 HPs)
             Began as a Draconian Fire Elementalist on Nov 24, 2020.
             Slain by a leopard gecko (3 damage)
             ... on level 1 of the Dungeon.
             The game lasted 00:01:19 (238 turns).

Decritt the Firebug (Draconian Fire Elementalist)    Turns: 238, Time: 00:01:20

Health: -2/14      AC:  5    Str: 10    XL:     1   Next: 75%
Magic:  1/3        EV: 12    Int: 15    God:
Gold:   18         SH:  0    Dex: 11    Spells: 3/4 levels left

rFire    . . .     SeeInvis .   (no weapon)
rCold    . . .     Faith    .   (no shield)
rNeg     . . .     Spirit   .   (armour unavailable)
rPois    .         Reflect  .   (helmet restricted)
rElec    .         Harm     .   (no cloak)
rCorr    .         Rampage  .   (no gloves)
MR       .....                  b - +0 pair of boots
Stlth    ++........             (no amulet)
HPRegen  0.04/turn              (no ring)
MPRegen  0.08/turn              (no ring)

@: mighty
A: unfitting armour, cold-blooded, AC +4
a: no special abilities


You were on level 1 of the Dungeon.
You visited 1 branch of the dungeon, and saw 1 of its levels.

You collected 18 gold pieces.

Inventory:

Armour
 b - a +0 pair of boots (worn)
Scrolls
 c - a scroll of random uselessness {unknown}


   Skills:
 + Level 0.2 Fighting
 + Level 1.8 Dodging
 - Level 1.7 Stealth
 * Level 2.1 Spellcasting
 * Level 1.2 Conjurations
 * Level 3.1 Fire Magic


You had 3 spell levels left.
You knew the following spells:

 Your Spells              Type           Power        Failure   Level
a - Foxfire               Conj/Fire      #...         9%          1

Your spell library contained the following spells:

 Spells                   Type           Power        Failure   Level
 Conjure Flame            Conj/Fire      #.......     26%         3
 Inner Flame              Hex/Fire       #.......     34%         3
 Sticky Flame             Conj/Fire      #.......     65%         4
 Fireball                 Conj/Fire      #.........   94%         5


Dungeon Overview and Level Annotations

Branches:
Dungeon (1/15)

Altars:


Innate Abilities, Weirdness & Mutations

Your plain brown scales are hard. (AC +4)
You cannot fit into any form of body armour.
You are cold-blooded and may be slowed by cold attacks.


Message History

You miss the leopard gecko.
The leopard gecko is severely wounded.
The leopard gecko bites you.
* * * LOW HITPOINT WARNING * * *
The gnoll hits you but does no damage. The leopard gecko barely misses you.
It was a potion of might.
You feel very mighty all of a sudden. The leopard gecko bites you.
* * * LOW HITPOINT WARNING * * *
The gnoll hits you but does no damage.
You closely miss the leopard gecko.
The leopard gecko is severely wounded.
The leopard gecko bites you but does no damage.
The gnoll misses you.
Unknown command.
You barely miss the leopard gecko.
Your tail-slap misses the leopard gecko.
The leopard gecko is severely wounded.
The leopard gecko bites you.
You die...

#.#..#
#(##.#
#.##.##.
#.##.##.#
#.##..#.#
#.###.#.#
#h# #.#.#
#g# #.#.#
#@#
#...#####
#l#
#.......#
..#
#.†.###.#
#### #.#.#
#.# #.#>#
#.# ###
#.#.# #.#
..# #.#.#
#.######
##.# #.#.#
#.......
#..###.#.#.#
#######.


You could see a gnoll, a leopard gecko and a jackal.

Vanquished Creatures
  A leopard gecko (D:1)
  A bat (D:1)
  A giant cockroach (D:1)
  A jackal (D:1)
4 creatures vanquished.

Vanquished Creatures (others)
  16 foxfires (D:1)
16 creatures vanquished.

Grand Total: 20 creatures vanquished

Notes
Turn   | Place    | Note
-------+----------+-------------------------------------------
     0 | D:1      | Decritt the Draconian Fire Elementalist began the quest for
                  | the Orb.
     0 | D:1      | Reached XP level 1. HP: 14/14 MP: 3/3
   238 | D:1      | Slain by a leopard gecko

Illustrated notes

Levels and vault maps discovered:
D:1:      kennysheep_arrival_forest, layout_basic

Action                   || total
-------------------------++-------
Melee: Unarmed           ||    11
       Tailslap          ||     1
 Cast: Foxfire           ||    11
  Use: Potion            ||     1
Armor: Skin              ||    12
Dodge: Dodged            ||    21

Table legend: (Time is in decaauts)
 A = Elapsed time spent in this place.
 B = Non-inter-level travel time spent in this place.
 C = Inter-level travel time spent in this place.
 D = Time resting spent in this place.
 E = Time spent auto-exploring this place.
 F = Levels seen in this place.
 G = Mean time per level.
                   A        B        C        D        E       F      G
               +--------+--------+--------+--------+--------+-----+--------+
         Total |    238 |    238 |      0 |      0 |    161 |   1 |  238.0 |
       Dungeon |    238 |    238 |      0 |      0 |    161 |   1 |  238.0 |
               +--------+--------+--------+--------+--------+-----+--------+

Top non-repeatable levels by time:
     D:1: 238 daAuts
